 Dungeon Crawl Stone Soup version 0.30.1-11-g7821555f0a (webtiles) character file.

Game seed: 13320608575237459783

233 Gumption the Gusty (level 5, 0/38 HPs)
             Began as a Draconian Air Elementalist on Nov 18, 2023.
             Killed by their own static electricity (1 damage)
             ... in an ossuary.
             The game lasted 00:32:00 (3969 turns).

Gumption the Gusty (Draconian Air Elementalist)     Turns: 3969, Time: 00:32:03

Health: 0/38       AC:  5    Str: 10    XL:     5   Next: 75%
Magic:  0/9        EV: 12    Int: 18    God:
Gold:   171        SH:  0    Dex: 11    Spells: 4/10 levels left

rFire   . . .        a - +2 dagger (protect)
rCold   . . .        (no shield)
rNeg    . . .        (body armour unavailable)
rPois   .            (helmet restricted)
rElec   .            (no cloak)
rCorr   .            (no gloves)
SInv    .            (no boots)
Will    .....        (no amulet)
Stlth   ++           (no ring)
HPRegen 0.26/turn    (no ring)
MPRegen 0.11/turn

%: no passive effects
@: marked
A: AC +5, unfitting armour, cold-blooded
a: no special abilities


You were in an ossuary.
You visited 1 branch of the dungeon, and saw 4 of its levels.
You also visited: Ossuary.

You collected 171 gold pieces.

Inventory:

Hand Weapons
 a - a +2 dagger of protection (weapon)
 f - a +0 short sword
 r - a +0 dagger of flaming
Missiles
 t - 5 javelins
 u - 6 poisoned darts (quivered)
Jewellery
 m - the amulet "Gahah" {Faith Harm Int+4}
   (You found it on level 2 of the Dungeon)

   [amulet of faith]

   It allows you to gain divine favour quickly.
   Int:       It affects your intelligence (+4).
   Harm:      It increases damage dealt and taken.
Scrolls
 e - a scroll of vulnerability {unknown}
 h - a scroll of immolation
 j - a scroll of fog {unknown}
 k - a scroll of brand weapon
 l - a scroll of fear {unknown}
 q - a scroll of teleportation {unknown}
 v - a scroll of noise {unknown}
Potions
 b - 2 potions of flight
 c - a potion of cancellation {unknown}
 d - 2 potions of magic
 g - a potion of resistance {unknown}
 i - 2 potions of brilliance
 n - a potion of ambrosia {unknown}
 p - a potion of heal wounds {unknown}
 s - a potion of haste {unknown}


   Skills:
 + Level 2.7 Dodging
 - Level 1.7 Stealth
 + Level 3.0 Spellcasting
 - Level 3.0 Conjurations
 * Level 4.6 Air Magic


You had 4 spell levels left.
You knew the following spells:

 Your Spells              Type           Power      Damage    Failure   Level
a - Shock                 Conj/Air       64%        1d7       3%          1
b - Static Discharge      Conj/Air       32%        2-4/arc   5%          2
c - Swiftness             Air            19%        N/A       8%          3

Your spell library contained the following spells:

 Spells                   Type           Power      Damage    Failure   Level
 Vhi's Electric Charge    Tloc/Air       22%        N/A       19%         3
 Airstrike                Air            9%         2d(2-18)  24%         4
 Arcjolt                  Conj/Air       8%         1d18      67%         5
 Plasma Beam              Fire/Air       5%         2x1d17    100%        6


Dungeon Overview and Level Annotations

Branches:
Dungeon (4/15)            Ossuary (1/1)
 Temple: D:4-7

Altars:


Innate Abilities, Weirdness & Mutations

Your plain brown scales are hard. (AC +5)
You cannot fit into any form of body armour.
You are cold-blooded and may be slowed by cold attacks.


Message History

The kobold zombie hits you but does no damage.
You hit the elf zombie.
The elf zombie is heavily damaged.
You completely miss the elf zombie.
Your tail-slap misses the elf zombie.
The elf zombie is heavily damaged.
The kobold zombie barely misses you. The elf zombie barely misses you.
The mummy misses you.
You barely miss the elf zombie.
The elf zombie is heavily damaged.
The elf zombie hits you but does no damage.
The kobold zombie hits you but does no damage.
You barely miss the elf zombie.
The elf zombie is heavily damaged.
The mummy hits you! The mummy hits you.
The kobold zombie sets off the alarm!
The alarm trap emits a blaring wail!
The mark upon you grows brighter. The kobold zombie closely misses you.
The elf zombie hits you but does no damage.
You barely miss the elf zombie.
The elf zombie is heavily damaged.
The mummy hits you.
* * * LOW HITPOINT WARNING * * *
The elf zombie hits you.
* * * LOW HITPOINT WARNING * * *
The kobold zombie hits you but does no damage.
The mummy hits you but does no damage.
Okay, then.
Okay, then.
Casting: Static Discharge (safe; 5% risk of failure)
Confirm with . or Enter, or press ? or * to list all spells.
The elf zombie is struck by an arc of lightning.
The elf zombie is heavily damaged.
You are struck by an arc of lightning.
* * * LOW HITPOINT WARNING * * *
The elf zombie is struck by an arc of lightning.
The elf zombie is heavily damaged.
The lightning grounds out.
The mummy is struck by an arc of lightning.
The mummy is moderately damaged.
You are struck by an arc of lightning.
You die...

#...##############...#
#...# ..#...# #...#
#...# .#...## #...#
#...####'.... #...#
#...#....Z∩.# #...#
#...#.....ZZ# #...#
#...#....ZZZ# #...#
#...#....ZZM####.#...#
#...#.....ZM@ZZZZ#...#
#...#.####.Z####.#...#
#...# #^Z# #...# #...#
#^.# #...#
#...######..######...#
#....................#
#........8..8........#
#....................#
#....................#


You could see 2 mummies, an adder zombie, a rat zombie, a goblin zombie, 3
hobgoblin zombies, 5 kobold zombies, 3 elf zombies and a centaur zombie.

Vanquished Creatures
  An orc priest (D:3)
  4 gnolls (D:3)
  5 adders
  An adder zombie (Ossuary)
  4 dart slugs
  9 orcs
  6 bats
  8 endoplasms
  5 giant cockroaches
  5 goblins
  5 hobgoblins
  6 jackals
  5 quokkas
  5 ball pythons
  2 frilled lizards
  7 hobgoblin zombies (Ossuary)
  A jackal zombie (Ossuary)
  6 kobolds
  8 kobold zombies (Ossuary)
  5 orc zombies (Ossuary)
  8 rats
106 creatures vanquished.

Notes
Turn   | Place    | Note
-------+----------+-------------------------------------------
     0 | D:1      | Gumption the Draconian Air Elementalist began the quest for
                  | the Orb.
     0 | D:1      | Reached XP level 1. HP: 14/14 MP: 3/3
   259 | D:1      | Reached XP level 2. HP: 19/20 MP: 0/5
   327 | D:1      | Learned a level 2 spell: Static Discharge
   782 | D:1      | Reached XP level 3. HP: 26/26 MP: 2/6
   822 | D:1      | Learned a level 3 spell: Swiftness
  1483 | D:2      | Reached XP level 4. HP: 25/33 MP: 0/7
  1641 | D:2      | Identified the amulet "Gahah" {Faith Harm Int+4}
  2391 | D:3      | Reached skill level 4 in Air Magic
  2560 | D:3      | Reached XP level 5. HP: 38/38 MP: 5/8
  3605 | D:4      | Found a sand-covered staircase.
  3628 | Ossuary  | Entered an ossuary
  3969 | Ossuary  | HP: 1/38 [/static electricity (3)]
  3969 | Ossuary  | Killed from afar by themself

Illustrated notes

Levels and vault maps discovered:
D:1:      lightli_arrival_noodles, layout_rooms, grunt_decor_one_mirror
D:2:      layout_loops_ring
D:3:      layout_loops_ring
D:4:      layout_loops_cross, general_overflow_altar,
          minmay_temple_entry_statues_pillars, enter_ossuary_5,
          chequers_serial_rivers_room_a, lemuel_flame_loot_1
Ossuary:  ossuary_tomb_1

Skill      XL: |  1  2  3  4  5 |
---------------+----------------+-----
Dodging        | 2 |  2.7
Conjurations   | 2 3 |  3.0
Air Magic      | 4 |  4.6
Spellcasting   | 3 |  3.0
Stealth        | |  1.7

Action                     |  1- 3 |  4- 6 || total
---------------------------+-------+-------++-------
  Melee: Short sword       |    11 |       ||    11
         Dagger            |    10 |   139 ||   149
         Tailslap          |     1 |    18 ||    19
         Punch             |       |     1 ||     1
   Cast: Shock             |    71 |    61 ||   132
         Static Discharge  |     1 |    15 ||    16
    Use: Scroll            |       |     5 ||     5
 Armour: Skin              |    23 |    87 ||   110
  Dodge: Dodged            |    27 |   134 ||   161
